 Dungeon Crawl Stone Soup version 0.30-a0-154-gb106f4c828 (webtiles) character file.

Game seed: 9241045145021057650

56 RepoMan the Trooper (level 3, 0/29 HPs)
             Began as a Mummy Monk on Sept 27, 2022.
             Slain by a goblin
             ... wielding a +0 dagger
             ... led by Robin
              (1 damage)
             ... on level 2 of the Dungeon.
             The game lasted 00:11:32 (1308 turns).

RepoMan the Trooper (Mummy Monk)                    Turns: 1308, Time: 00:11:33

Health: 0/29       AC: 11    Str: 16    XL:     3   Next: 71%
Magic:  3/3        EV:  5    Int:  9    God:
Gold:   61         SH:  0    Dex: 14    Spells: 2/2 levels left

rFire   . . .      SeeInvis .    a - +0 spear
rCold   . . .      Faith    +    (no shield)
rNeg    + + +      Spirit   .    d - +0 plate armour
rPois   ∞          Reflect  .    i - +0 helmet
rElec   .          Harm     .    (no cloak)
rCorr   .          Rampage  .    (no gloves)
Will    .....                    (no boots)
Stlth   ..........               (no amulet)
HPRegen 0.09/turn                e - ring of fire
MPRegen 0.08/turn                (no ring)

@: weak-willed, slowed, very slow
A: cold resistance 1, negative energy resistance 3, torment resistance 2, heat
vulnerability 1, in touch with death 1, no potions, faith
a: no special abilities


You were on level 2 of the Dungeon.
You visited 1 branch of the dungeon, and saw 2 of its levels.

You collected 61 gold pieces.

Inventory:

Hand Weapons
 a - a +0 spear (weapon)
 h - a +1 sling of flaming
Missiles
 c - a javelin (quivered)
Armour
 b - a +0 robe
 d - a +0 plate armour (worn)
 i - a +0 helmet (worn)
Jewellery
 e - a ring of fire (left hand)
Scrolls
 j - a scroll of magic mapping


   Skills:
 + Level 3.6 Fighting
 * Level 3.5 Polearms
 - Level 2.4 Dodging
 - Level 1.5 Stealth


You had 2 spell levels left.
You didn't know any spells.
Your spell library was empty.

Dungeon Overview and Level Annotations

Branches:
Dungeon (2/15)

Altars:

Shops:
D:1 *

Annotations:
D:2 Natasha, Robin


Innate Abilities, Weirdness & Mutations

You are immune to poison.
Your flesh is cold resistant. (rC+)
You are immune to negative energy. (rN+++)
You are immune to unholy pain and torment.
You are vulnerable to heat. (rF-)
You are in touch with the powers of death.
You do not drink.
You have a special connection with the divine. (Faith)


Message History

As you read the scroll labelled WEUVIGGOCEX, it crumbles to dust.
Magic quickly surges around you.
It was a scroll of vulnerability.
The goblin no longer looks unusually strong.
The goblin hits you but does no damage. The goblin hits you with a +0 dagger.
Robin roars a battlecry!
The goblin goes into a battle-frenzy!
Natasha claws you but does no damage. The goblin hits you with a +0 dagger.
* * * LOW HITPOINT WARNING * * *
The goblin hits you but does no damage. The shadow imp hits your butterfly.
Your butterfly dies!
Your butterfly disappears in a burst of colours!
Robin throws the goblin at you!
Unknown command.
Okay, then.
Unknown command.
You don't know any spells.
Unknown command.
Unknown command.
Throw: 2 javelins
Press: ? - help, Shift-Dir - straight line, f - Robin, p - Natasha
Aim: Robin, wielding a +0 spear, wearing a +0 animal skin and wearing a +0 helmet (weak-willed, 67% to hit)
You throw a javelin. The javelin closely misses the goblin.
The javelin pierces through the hobgoblin but does no damage.
The javelin pierces through Robin!
Robin is heavily wounded.
The white imp hits your butterfly.
Your butterfly dies!
Your butterfly disappears in a burst of colours!
Natasha claws you.
* * * LOW HITPOINT WARNING * * *
The goblin hits you but does no damage. The goblin closely misses you.
The goblin hits you with a +0 dagger.
* * * LOW HITPOINT WARNING * * *
Robin barely misses your butterfly.
The goblin hits your butterfly with a +0 dagger.
Your butterfly dies!
Your butterfly disappears in a burst of colours!
Natasha casts a spell at you. You resist with significant effort.
The goblin hits you with a +0 dagger.
You die...

########## ###
#........####### ...
#..5.....#.....# #.#####
######.ggh5†..#.##..## #.#...#
#....###@##.(b........
#.#...###....# #g##b#b......#
#..<..'.'....# #g##b#.b.##.##.
#.#...###....# #b##.#.........
#.#...###.######.g......##.##.
#.#...............####w.# #
#...............bg......#..#
#†))...##.#..........w..)..#
#.g#.#.##.#....##.#...##...##


You could see Robin (weak-willed), Natasha (weak-willed), a white imp (summoned,
weak-willed), a shadow imp (summoned, weak-willed, ally target), a hobgoblin
(strong, weak-willed) and 4 goblins.

Vanquished Creatures
  An adder (D:2)
  3 dart slugs
  4 endoplasms
  A giant cockroach (D:1)
  6 goblins
  2 hobgoblins (D:1)
  3 quokkas (D:1)
  6 ball pythons (D:1)
  3 bats (D:1)
  2 frilled lizards (D:1)
  6 kobolds
  2 rats (D:1)
39 creatures vanquished.

Notes
Turn   | Place    | Note
-------+----------+-------------------------------------------
     0 | D:1      | RepoMan the Mummy Monk began the quest for the Orb.
     0 | D:1      | Reached XP level 1. HP: 18/18 MP: 1/1
   267 | D:1      | Found a faded altar of an unknown god.
   346 | D:1      | Reached XP level 2. HP: 21/24 MP: 2/2
   587 | D:1      | Found Punot's General Store.
   786 | D:1      | Gained mutation: You are in touch with the powers of death.
                  | [Mummy growth]
   786 | D:1      | Reached XP level 3. HP: 29/29 MP: 3/3
  1231 | D:2      | Noticed Robin
  1283 | D:2      | Noticed Natasha
  1308 | D:2      | HP: 1/29 [goblin/+0 dagger[Robin] (2)]
  1308 | D:2      | Slain by a goblin

Illustrated notes

Levels and vault maps discovered:
D:1:      minmay_arrival_four_loops, layout_loops_ring,
          hellmonk_ecumenical_altar_pennies_from_heaven, serial_shops,
          nicolae_shop_hallway_plus
D:2:      layout_basic, serial_shops, shop, minmay_tall_x, uniq_robin,
          uniq_natasha

Skill      XL: |  1  2 |
---------------+-------+-----
Polearms       | 3 |  3.5
Fighting       | |  3.6
Dodging        | |  2.4
Stealth        | |  1.5

Action                   || total
-------------------------++-------
Melee: Spear             ||   168
 Fire: Sling             ||    10
Throw: Stone             ||     4
       Javelin           ||     2
  Use: Scroll            ||     4
Armor: Plate armour      ||   112
Dodge: Dodged            ||    50

Table legend: (Time is in decaauts)
 A = Elapsed time spent in this place.
 B = Non-inter-level travel time spent in this place.
 C = Inter-level travel time spent in this place.
 D = Time resting spent in this place.
 E = Time spent auto-exploring this place.
 F = Levels seen in this place.
 G = Mean time per level.
                   A        B        C        D        E       F      G
               +--------+--------+--------+--------+--------+-----+--------+
         Total |   1316 |   1298 |     18 |    281 |    416 |   2 |  658.0 |
       Dungeon |   1316 |   1298 |     18 |    281 |    416 |   2 |  658.0 |
               +--------+--------+--------+--------+--------+-----+--------+

Top non-repeatable levels by time:
     D:1: 1186 daAuts
     D:2: 130 daAuts
